AoeStats
← yvetteabernathydam

Arena

510877676Analyzed
4v4 RM · 11h ago on Oct 2, 2026· 42m 56s· 8 players
Game mode
Random Map
Map size
Large (8 player)
Population
200
Speed
Normal
Resources
Standard
Victory
Conquest
Starting age
Dark Age
Ending age
Imperial Age
RankedLock teamsTeams togetherTeam positionsShared explorationLock speedFull tech treeHidden civsTurbo modeCheats
Victory
Defeat
🇩🇪 Saxons · Germany
1258
+11
🇨🇦 Poles · Canada
1196
+14
🇨🇳 Burmese · China
1132
+43
🇳🇿 Italians · New Zealand
1126
+16
🇯🇴 Portuguese · Jordan
1153
-15
🇨🇾 Persians · Cyprus
1141
-14
🇲🇽 Goths · Mexico
1140
-14
🇯🇴 Italians · Jordan
1136
-14
mairlarabe
11:01 Feudal Age
14:55 Castle Age
13:17 Double-Bit Axe
14:51 Horse Collar
22:00 Scale Mail Armor
22:57 Chain Mail Armor
25:22 Forging
28:52 Gold Mining
29:08 Anarchy
30:54 Pikeman
31:34 Squires
34:09 Imperial Age
31:25 Loom
32:27 Iron Casting
34:40 Halberdier
36:39 Blast Furnace
JonnyD
10:38 Feudal Age
15:33 Castle Age
13:45 Double-Bit Axe
16:51 Horse Collar
21:34 Wheelbarrow
22:13 Gold Mining
24:13 Fletching
28:10 Imperial Age
25:26 Loom
25:27 Town Watch
26:49 Bodkin Arrow
27:01 Scale Barding Armor
27:07 Forging
27:29 Bodkin Arrow
28:23 Chain Barding Armor
29:46 Iron Casting
29:54 Gold Shaft Mining
29:13 Stone Mining
29:25 Heavy Plow
30:49 Plate Barding Armor
31:18 Murder Holes
31:44 Ballistics
31:24 Pikeman
32:05 Squires
31:28 Cavalier
32:04 Halberdier
32:47 Scale Mail Armor
33:49 Blast Furnace
33:37 Halberdier
34:35 Chain Mail Armor
34:43 Bow Saw
37:00 Plate Mail Armor
37:04 Padded Archer Armor
Wiki
11:18 Feudal Age
15:55 Castle Age
14:24 Double-Bit Axe
14:21 Horse Collar
15:06 Gold Mining
17:41 Loom
21:23 Bow Saw
28:02 Imperial Age
29:58 Chemistry
32:11 Wheelbarrow
31:22 Elite Organ Gun
34:31 Siege Engineers
MadCOW
10:57 Feudal Age
14:57 Castle Age
13:35 Horse Collar
13:41 Double-Bit Axe
17:29 Heavy Plow
18:48 Loom
22:28 Bow Saw
24:28 Gold Mining
25:44 Wheelbarrow
25:42 Stone Mining
25:46 Fletching
26:18 Town Watch
30:28 Imperial Age
29:06 Bodkin Arrow
30:22 Padded Archer Armor
30:53 Ballistics
31:29 Hand Cart
31:36 Bracer
31:52 Leather Archer Armor
31:04 Elite Genoese Crossbowman
33:03 Chemistry
31:59 Treadmill Crane
32:27 Thumb Ring
32:56 Crop Rotation
33:34 Two-Man Saw
34:32 Ring Archer Armor
34:24 Conscription
35:41 Forging
35:37 Scale Barding Armor
The Spirit of Bonnie Blue
10:56 Feudal Age
11:38 Double-Bit Axe
14:36 Castle Age
12:23 Horse Collar
14:38 Wheelbarrow
19:47 Heavy Plow
20:38 Loom
21:03 Stone Mining
23:27 Stone Shaft Mining
23:36 Bow Saw
28:16 Imperial Age
25:58 Forging
26:09 Scale Barding Armor
26:54 Szlachta Privileges
27:49 Iron Casting
27:35 Bloodlines
27:25 Husbandry
28:30 Cavalier
30:33 Chain Barding Armor
31:13 Blast Furnace
30:08 Town Watch
32:24 Town Patrol
32:49 Gold Mining
33:20 Conscription
33:38 Coinage
34:29 Crop Rotation
34:16 Hand Cart
36:48 Scale Mail Armor
38:28 Chain Mail Armor
37:44 Elite Obuch
40:55 Plate Mail Armor
yvetteabernathydam
11:01 Feudal Age
14:35 Castle Age
12:24 Horse Collar
15:31 Heavy Plow
21:22 Wheelbarrow
21:29 Gold Mining
21:30 Stone Mining
22:43 Stone Mining
23:29 Gold Shaft Mining
24:19 Loom
27:41 Imperial Age
26:28 Hand Cart
26:31 Scale Barding Armor
26:36 Forging
27:03 Manipur Cavalry
28:05 Husbandry
28:32 Bloodlines
28:54 Fletching
29:04 Padded Archer Armor
29:10 Town Watch
29:58 Ballistics
29:24 Treadmill Crane
30:37 Conscription
29:53 Elite Arambai
31:03 Chain Barding Armor
31:19 Iron Casting
31:32 Crop Rotation
32:34 Fletching
33:48 Bodkin Arrow
34:54 Blast Furnace
34:21 Elite Battle Elephant
35:39 Plate Barding Armor
40:20 Howdah
40:24 Bracer
chichimp
10:39 Feudal Age
14:34 Castle Age
12:35 Horse Collar
12:59 Double-Bit Axe
16:07 Bow Saw
16:46 Wheelbarrow
17:53 Town Watch
17:54 Loom
18:59 Fletching
29:01 Imperial Age
26:40 Scale Mail Armor
26:50 Forging
26:04 Crossbowman
26:37 Fletching
27:19 Hand Cart
27:04 Gold Mining
27:21 Squires
27:41 Chain Mail Armor
28:30 Fletching
30:40 Plate Mail Armor
30:46 Iron Casting
31:19 Chemistry
30:51 Conscription
30:58 Bodkin Arrow
33:49 Blast Furnace
33:24 Onager
39:48 Town Patrol
Starmari
10:38 Feudal Age
14:35 Castle Age
14:14 Double-Bit Axe
14:11 Horse Collar
15:36 Bow Saw
15:50 Heavy Plow
16:30 Stone Mining
17:25 Loom
20:16 Town Watch
20:18 Loom
34:01 Wheelbarrow
36:23 Imperial Age
34:57 Forging
34:47 Scale Mail Armor
34:49 Fletching
35:00 Padded Archer Armor
35:51 Ballistics
35:15 Treadmill Crane
35:56 Ballistics
36:13 Iron Casting
36:03 Hand Cart
36:07 Squires
37:11 Chain Mail Armor
36:52 Bodkin Arrow
36:39 Shield Wall
37:44 Conscription
37:26 Crossbowman
38:12 Thumb Ring
38:41 Plate Mail Armor
38:26 Leather Archer Armor
38:40 Arbalester
40:02 Elite Varangian Guard
40:50 Bracer
41:30 Ring Archer Armor
41:49 Elite Hearth Troop
Connection lost

Rejoining the realm…

Still unreachable

The connection could not be restored.

Session expired

The server has moved on; the page needs a fresh start.